 Dungeon Sprint DCSS version 0.28-a0-422-gd71735cc25 (webtiles) character file.

Game seed: 16798814863360033077

1225 Lochraine the Fighter (level 8, -1/74 HPs)
             Began as a Djinni Gladiator on Sept 8, 2021.
             Was a Follower of Uskayaw.
             Slain by a demonic crawler (5 damage)
             ... in the Dungeon (Sprint I: "Red Sonja").
             The game lasted 00:05:09 (993 turns).

Lochraine the Fighter (Djinni Gladiator)             Turns: 993, Time: 00:05:09

Health: -1/74      AC:  5    Str: 13    XL:     8   Next: 76%
Gold:   405        EV: 12    Int: 12    God:    Uskayaw [*.....] SH:  0 Dex: 15

rFire   + + .      SeeInvis .   a - +0 rapier
rCold   x . .      Faith    .   (no shield)
rNeg    . . .      Spirit   .   b - +0 leather armour
rPois   ∞          Reflect  .   c - +0 helmet
rElec   .          Harm     .   d - +0 cloak
rCorr   .          Rampage  .   (no gloves)
Will    .....      NoTele   +   (boots unavailable)
Stlth   +.........              (no amulet)
HPRegen 0.22/turn               (no ring)
MPRegen 0.00/turn               (no ring)

@: flying
A: sickness immunity, fire resistance 2, cold vulnerability 1, float, innate
caster, hp casting, extra vitality 1
a: Renounce Religion, Stomp


You were in the Dungeon.
You worshipped Uskayaw.
Uskayaw was noncommittal.
You visited 1 branch You collected 405 gold pieces.

Inventory:

Hand Weapons
 a - a +0 rapier (weapon)
Armour
 b - a +0 leather armour (worn)
 c - a +0 helmet (worn)
 d - a +0 cloak (worn)
   (You found it in the Dungeon)
Wands
 t - a wand of flame (13)
   (You took it off Sigmund in the Dungeon)
Scrolls
 i - a scroll of blinking
Potions
 e - a potion of curing {@q1}


   Skills:
 + Level 12.7 Fighting
 - Level 2.6 Short Blades
 - Level 1.5 Throwing
 - Level 3.2 Dodging
 + Level 9.9 Spellcasting


You had 21 spell levels left.
You knew the following spells:

 Your Spells              Type           Power      Damage    Failure   Level
a - Static Discharge      Conj/Air       29%        N/A       1%          2
b - Scorch                Fire           58%        2d7       1%          2
z - Animate Skeleton      Necr           58%        N/A       1%          1
Your spell library was empty.

Dungeon Overview and Level Annotations

Branches:
Dungeon (1/1)

Altars:
Cheibriados
Dithmenos
Elyvilon
Fedhas
Gozag
Hepliaklqana
Kikubaaqudgha
Makhleb
Nemelex Xobeh
Okawaru
Qazlal
Ru
Sif Muna
Trog
Uskayaw
Vehumet
Wu Jian
Xom
Yredelemnul
Zin
The Shining One
Jiyva
Lugonu

Shops:
D ?


Innate Abilities, Weirdness & Mutations

You are immune to sickness and miasma.
You are immune to poison.
Your flesh is very heat resistant. (rF++)
You are vulnerable to cold. (rC-)
You float through the air rather than walking.
You learn spells naturally, not from books.
Your magical power is your life essence.
You have superior vitality. (+4 HP)


Message History

a +0 dagger; a +0 robe; a kobold skeleton You attempt to give life to the dead...
The dead are walking!
Things that are here:
a +0 dagger; a +0 robe; a kobold skeleton You attempt to give life to the dead...
The dead are walking!
You reach down and open the door. 4 demonic crawlers come into view.
The demonic crawler gives a hideous shriek! x3
Really attack your kobold demonologist skeleton?
Okay, then.
Unknown command.
You barely miss the demonic crawler. The demonic crawler misses you.
The demonic crawler hits you. The demonic crawler hits you!
The demonic crawler hits your kobold demonologist skeleton.
The demonic crawler closely misses your kobold demonologist skeleton.
The demonic crawler hits your kobold demonologist skeleton!
You puncture the demonic crawler! The demonic crawler hits you!
The demonic crawler hits you.
The demonic crawler hits you but does no damage.
Your kobold demonologist skeleton hits the demonic crawler but does no damage.
Okay, then.
Okay, then.
You hit the demonic crawler but do no damage.
The demonic crawler closely misses you. x2; The demonic crawler hits you.
You hit the demonic crawler. The demonic crawler hits you.
The demonic crawler hits you! x2
* * * LOW HITPOINT WARNING * * *
Your kobold demonologist skeleton hits the demonic crawler but does no damage.
The demonic crawler hits your kobold demonologist skeleton! x2
Your kobold demonologist skeleton is destroyed!
You hit the demonic crawler. The demonic crawler hits you!
* * * LOW HITPOINT WARNING * * *
The demonic crawler hits you.
* * * LOW HITPOINT WARNING * * *
The demonic crawler hits you!
* * * LOW HITPOINT WARNING * * *
Your kobold demonologist skeleton hits the demonic crawler with a +0 dagger.
Okay, then.
You hit the demonic crawler.
The demonic crawler hits your kobold demonologist skeleton. x2
The demonic crawler hits your kobold demonologist skeleton!
Your kobold demonologist skeleton is destroyed!
The demonic crawler misses you. The demonic crawler hits you!
* * * LOW HITPOINT WARNING * * *
The demonic crawler misses you.
You can now pass through a line of other dancers.
You stomp with the beat, sending a shockwave through the revellers around you!
You can no longer pass through a line of other dancers.
The demonic crawler hits you.
You die...

##################
.#))'..#__#..'...#
.'..#..'..'..#..@#
'#####'#__####..)sss#
.#...#.#### #####s.+
##..##[# +## _##'#_.+
..'..._# _##_.#'#
_###+#:# ## ###


You could see 4 demonic crawlers.

Vanquished Creatures
  2 kobold demonologists (D)
  A slime creature (D)
  Sigmund (D)
  A yak (D)
  A floating eye (D)
  An ogre (D)
  A jelly (D)
  Ijyb (D)
9 creatures vanquished.

Vanquished Creatures (others)
  A gargoyle (D)
1 creature vanquished.

Grand Total: 10 creatures vanquished

Notes
Turn   | Place    | Note
-------+----------+-------------------------------------------
     0 | D        | Lochraine the Djinni Gladiator began the quest for the Orb.
     0 | D        | Reached XP level 1. HP: 18/18 MP: 0/0
     1 | D        | Noticed Ijyb
    15 | D        | Killed Ijyb
    16 | D        | Reached skill level 4 in Fighting
    16 | D        | Reached XP level 2. HP: 27/27 MP: 0/0
    16 | D        | Reached XP level 3. HP: 31/31 MP: 0/0
    16 | D        | Learned a level 1 spell: Animate Skeleton
    73 | D        | Noticed an ogre
    80 | D        | Killed an ogre
    81 | D        | Reached skill level 6 in Fighting
    81 | D        | Reached XP level 4. HP: 40/40 MP: 0/0
    81 | D        | Reached XP level 5. HP: 46/46 MP: 0/0
    81 | D        | Learned a level 2 spell: Static Discharge
    94 | D        | Noticed Sigmund
   108 | D        | Killed Sigmund
   109 | D        | Reached skill level 9 in Fighting
   109 | D        | Reached XP level 6. HP: 52/56 MP: 0/0
   168 | D        | Found an ornate altar of the Wu Jian Council.
   243 | D        | Found Bity's Magic Scroll Emporium.
   243 | D        | Found a hazy altar of Hepliaklqana.
   243 | D        | Found a stormy altar of Qazlal.
   243 | D        | Found a hide-covered altar of Uskayaw.
   243 | D        | Found a blossoming altar of Fedhas.
   243 | D        | Found a bloodstained altar of Trog.
   243 | D        | Found an iron altar of Okawaru.
   243 | D        | Found a basalt altar of Yredelemnul.
   243 | D        | Found a glowing golden altar of the Shining One.
   243 | D        | Found a snail-covered altar of Cheibriados.
   243 | D        | Found a sacrificial altar of Ru.
   243 | D        | Found a glowing silver altar of Zin.
   243 | D        | Found a shadowy altar of Dithmenos.
   243 | D        | Found a white marble altar of Elyvilon.
   243 | D        | Noticed a yak
   253 | D        | Killed a yak
   254 | D        | Reached skill level 10 in Fighting
   254 | D        | Reached XP level 7. HP: 30/64 MP: 0/0
   254 | D        | Learned a level 2 spell: Scorch
   424 | D        | Found an opulent altar of Gozag.
   425 | D        | Found a sparkling altar of Nemelex Xobeh.
   435 | D        | Became a worshipper of Uskayaw the Reveller
   449 | D        | Found a burning altar of Makhleb.
   449 | D        | Found a viscous altar of Jiyva.
   449 | D        | Found a shimmering altar of Xom.
   449 | D        | Found a corrupted altar of Lugonu.
   449 | D        | Noticed a slime creature
   451 | D        | Reached * piety under Uskayaw
   453 | D        | Reached ** piety under Uskayaw
   455 | D        | Killed a slime creature
   455 | D        | Reached *** piety under Uskayaw
   456 | D        | Reached skill level 11 in Fighting
   675 | D        | Killed a gargoyle
   731 | D        | Noticed a kobold demonologist
   731 | D        | Noticed a kobold demonologist
   734 | D        | Paralysed by a floating eye for 2 turns
   737 | D        | Reached XP level 8. HP: 44/71 MP: 0/0
   743 | D        | Killed a kobold demonologist
   743 | D        | Killed a kobold demonologist
   744 | D        | Reached skill level 12 in Fighting
   986 | D        | Noticed a demonic crawler
   986 | D        | Noticed a demonic crawler
   986 | D        | Noticed a demonic crawler
   986 | D        | Noticed a demonic crawler
   993 | D        | Slain by a demonic crawler

Illustrated notes

Levels and vault maps discovered:
D:        dungeon_sprint_1 [red_sonja_temple_1, red_sonja_temple_small_1]

Skill      XL: |  1  2  3  4  5  6  7  8 |
---------------+-------------------------+-----
Fighting       | 4 6 9 10 11 12 | 12.7
Spellcasting   | 2 4 6 7 8 9 |  9.9
Short Blades   | |  2.6
Throwing       | |  1.5
Dodging        | |  3.2

Action                   |  1- 3 |  4- 6 |  7- 9 || total
-------------------------+-------+-------+-------++-------
Melee: Rapier            |    12 |    18 |     7 ||    37
Throw: Throwing net      |     4 |       |       ||     4
 Cast: Animate Skeleton  |     1 |       |     2 ||     3
       Static Discharge  |       |     5 |     4 ||     9
       Scorch            |       |       |     6 ||     6
Invok: Stomp             |       |       |     5 ||     5
  Use: Potion            |     1 |     1 |     1 ||     3
 Stab: Held in net/web   |     2 |       |       ||     2
       Sleeping          |       |     1 |       ||     1
       Paralysed         |       |       |     1 ||     1
Armor: Leather armour    |       |     4 |     3 ||     7
Dodge: Dodged            |     1 |     7 |     8 ||    16

Table legend: (Time is in decaauts)
 A = Elapsed time spent in this place.
 B = Non-inter-level travel time spent in this place.
 C = Inter-level travel time spent in this place.
 D = Time resting spent in this place.
 E = Time spent auto-exploring this place.
 F = Levels seen in this place.
 G = Mean time per level.
                   A        B        C        D        E       F      G
               +--------+--------+--------+--------+--------+-----+--------+
         Total |    988 |    988 |      0 |    774 |      0 |   1 |  988.0 |
       Dungeon |    988 |    988 |      0 |    774 |      0 |   1 |  988.0 |
               +--------+--------+--------+--------+--------+-----+--------+

Top non-repeatable levels by time:
       D: 988 daAuts
